 Dungeon Crawl Stone Soup version 0.17-a0-1564-g7b572aa (webtiles) character file.

44 xeno23 the Skirmisher (level 3, -3/29 HPs)
             Began as a Demonspawn Abyssal Knight on July 21, 2015.
             Was a Follower of Lugonu.
             Slain by a gnoll (8 damage)
             ... on level 2 of the Dungeon.
             The game lasted 00:06:56 (1165 turns).

xeno23 the Skirmisher (Demonspawn Abyssal Knight)   Turns: 1165, Time: 00:06:56

Health: -3/29      AC:  3    Str: 12    XL:     3   Next: 39%
Magic:  5/5        EV: 11    Int: 13    God:    Lugonu [*.....]
Gold:   72         SH:  0    Dex: 13    Spells: 0 memorised, 2 levels left

rFire  x . .     SeeInvis .     a - +1 falchion
rCold  + . .     Clarity  .     b - +0 leather armour
rNeg   . . .     SustAt   .     (no shield)
rPois  .         Gourm    .     (helmet restricted)
rElec  .         Spirit   .     (no cloak)
rCorr  .         Warding  .     (no gloves)
rMut   .         Stasis   .     (no boots)
MR     .....                    s - amulet of inaccuracy (curse)
Stlth  +.........               n - ring of ice
                                h - ring of wizardry

@: not resistant to hostile enchantments, very unstealthy
A: horns 1, powered by death 1
a: Depart the Abyss, Renounce Religion


You were on level 2 of the Dungeon.
You worshipped Lugonu.
Lugonu was aware of your devotion.
You were not hungry.

You visited 1 branch of the dungeon, and saw 3 of its levels.
You visited the Abyss 1 time.

You collected 72 gold pieces.

Inventory:

Hand weapons
 a - a +1 falchion (weapon)
 l - a +1 whip of pain
Missiles
 g - 25 poisoned needles
 q - 4 tomahawks (quivered)
Armour
 b - a +0 leather armour (worn)
Jewellery
 h - a ring of wizardry (left hand)
 n - a ring of ice (right hand)
 s - a cursed amulet of inaccuracy (around neck)
Magical devices
 d - a wand of slowing (20)
Scrolls
 e - 2 scrolls of teleportation
 i - 2 scrolls of random uselessness
 j - a scroll of blinking {unknown}
 k - a scroll of identify
 o - a scroll of remove curse {unknown}
Potions
 f - 2 potions of curing
 m - a potion of lignification {unknown}
 t - 2 potions of might {unknown}
 u - a potion of ambrosia {unknown}
Comestibles
 c - 3 bread rations
 p - a beef jerky
 r - a slice of pizza


   Skills:
 + Level 3.4 Fighting
 + Level 2.2 Long Blades
 + Level 2.2 Armour
 + Level 1.1 Dodging
 + Level 3.1 Invocations


You had 2 spell levels left.
You didn't know any spells.

Dungeon Overview and Level Annotations

Branches:
Dungeon (3/15)

Altars:

Annotations:
D:2 Sigmund


Innate Abilities, Weirdness & Mutations

You have a pair of small horns on your head.
You regenerate a little health from kills.


Message History

The gnoll is heavily wounded.
The gnoll hits you with a spear! The gnoll hits you!
You take 14 damage.
The gnoll hits you but does no damage. The gnoll barely misses you.
There is a stone staircase leading up, spattered with blood here.
The gnoll hits you from afar with a spear.
* * * LOW HITPOINT WARNING * * *
The gnoll hits you.
* * * LOW HITPOINT WARNING * * *
You climb upwards.
Level annotation: Sigmund
There is a stone staircase leading down here.
You take 9 damage.
You barely miss the gnoll. Your headbutt misses the gnoll.
The gnoll is lightly wounded.
The gnoll completely misses you.
You barely miss the gnoll.
The gnoll is lightly wounded.
The gnoll hits you!
You die...

########### ##........#
##........# ##........#
##........# #.........#
########### #.........#
#.........#
..........###.######.##
.......>...##.#.@#<#.#
#..........##.#.g#.#.#
.......###....#......#
....... ######....###
....... ###### .......
....... #...... #....


You could see a gnoll.

Vanquished Creatures
  Jessica (D:2)
  A worm (D:3)
  A ball python (D:1)
  A giant cockroach (D:1)
  2 goblins (D:1)
  A hobgoblin (D:1)
  A kobold (D:1)
  3 bats
  5 rats
16 creatures vanquished.

Notes
Turn   | Place    | Note
--------------------------------------------------------------
     0 | Abyss:1  | xeno23 the Demonspawn Abyssal Knight began the quest for the Orb.
     0 | Abyss:1  | Reached XP level 1. HP: 18/18 MP: 2/2
   120 | Abyss:1  | Noticed a tentacled starspawn
   120 | D:1      | Escaped the Abyss
   122 | D:1      | Noticed a vine stalker skeleton
   124 | D:1      | Noticed a merfolk skeleton
   129 | D:1      | Noticed a draconian skeleton
   131 | D:1      | Noticed a vine stalker skeleton
   133 | D:1      | Noticed a troll skeleton
   133 | D:1      | Noticed an elf skeleton
   134 | D:1      | Noticed an elf skeleton
   135 | D:1      | Noticed a minotaur skeleton
   139 | D:1      | Noticed a minotaur skeleton
   450 | D:1      | Acquired Lugonu's first power
   594 | D:1      | Gained mutation: You regenerate a little health from kills. [demonic ancestry]
   594 | D:1      | Reached XP level 2. HP: 18/24 MP: 3/3
   833 | D:2      | Noticed Jessica
   859 | D:2      | Killed Jessica
   859 | D:2      | Reached skill level 1 in Dodging
   859 | D:2      | Gained mutation: You have a pair of small horns on your head. [demonic ancestry]
   859 | D:2      | Reached XP level 3. HP: 12/29 MP: 3/5
   932 | D:2      | Noticed Sigmund
  1165 | D:2      | Slain by a gnoll

Vault maps used:
D:1:      shiori_arrival_whats_in_store_for_you
D:2:      uniq_sigmund, uniq_robin, uniq_jessica
D:3:      first_bread

Action                   || total
-------------------------++-------
Melee: Falchion          ||    62
Throw: Tomahawk          ||     3
Invok: Depart the Abyss  ||     1
  Use: Scroll            ||     5
 Stab: Sleeping          ||     1
  Eat: Chunk             ||     1
